 Dungeon Crawl Stone Soup version 0.15-a0-1387-gd422dff (webtiles) character file.

7797 PolkaDot the Bewitcher (level 11, -3/68 HPs)
             Began as a Vampire Enchanter on June 10, 2014.
             Was an Initiate of Gozag.
             Slain by a troll (15 damage)
             ... on Level 11 of the Dungeon.
             The game lasted 00:43:20 (9729 turns).

PolkaDot the Bewitcher (Vampire Enchanter)          Turns: 9729, Time: 00:43:20

HP  -3/68        AC  4     Str  7      XL: 11   Next:  1%
MP  30/31        EV 12     Int 19      God: Gozag
Gold 1404        SH  0     Dex 15      Spells:  7 memorised,  1 level left

rFire  . . .     SeeInvis +     f - +2,+4 dagger (speed)
rCold  + + .     Clarity  +     b - +1 robe
rNeg   + + +     rCorr    .     (no shield)
rPois  +         rRot     +     (helmet restricted)
rElec  .         Spirit   .     s - +0 cloak
SustAb .         Warding  .     (no gloves)
rMut   .         Stasis   .     (no boots)
Gourm  .                        e - amulet of clarity
MR     +....                    o - ring of magical power
                                l - ring of wizardry

@: bloodless, non-regenerating, somewhat resistant to hostile enchantments,
extremely stealthy
A: bottle blood, fangs 3, horns 1, see invisible, unbreathing
a: Bat Form, Bottle Blood, Potion Petition, Call Merchant, Bribe Branch,
Renounce Religion


You were on level 11 of the Dungeon.
You worshipped Gozag.
Gozag was noncommittal.
You were bloodless.

You visited 1 branch of the dungeon, and saw 11 of its levels.

You collected 1809 gold pieces.
You spent 279 gold pieces at shops.
You paid 126 gold pieces to Gozag.

Inventory:

Hand weapons
 f - a +2,+4 dagger of speed (weapon)
Armour
 b - a +1 robe (worn)
 m - a +0 helmet
 s - a +0 cloak (worn)
Magical devices
 q - a wand of digging (8)
Scrolls
 a - a scroll of enchant armour
 c - 2 scrolls of immolation
 d - a scroll of amnesia
 g - a scroll of fear
 h - 4 scrolls of teleportation
 i - a scroll of noise
 k - 6 scrolls of magic mapping
 p - 2 scrolls of remove curse
 v - 2 scrolls of silence
 w - a scroll of blinking {unknown}
 C - a scroll of acquirement {unknown}
 D - a scroll of fog {unknown}
Jewellery
 e - an amulet of clarity (around neck)
 l - a ring of wizardry (left hand)
 n - an uncursed amulet of stasis
 o - a ring of magical power (right hand)
Potions
 j - 3 potions of agility
 t - a potion of might
 u - 3 potions of curing
 x - a potion of restore abilities
 z - a potion of magic
Books
 r - a book of Necromancy

   Spells                             Type                      Level
   Pain                               Necromancy                   1
   Animate Skeleton                   Necromancy                   1
   Vampiric Draining                  Necromancy                   3
   Regeneration                       Charms/Necromancy            3
   Animate Dead                       Necromancy                   4
   Control Undead                     Necromancy                   4
 B - a book of Party Tricks

   Spells                             Type                      Level
   Summon Butterflies                 Summoning                    1
   Apportation                        Translocation                1
   *Blink                             Translocation                2
   Tukima's Dance                     Hexes                        3
   Alistair's Intoxication            Transmutation/Poison         4


   Skills:
 * Level 9.4 Short Blades
 - Level 2.1 Dodging
 + Level 13.1 Stealth
 - Level 4.3 Spellcasting
 + Level 15.6 Hexes
 - Level 1.0 Ice Magic


You had one spell level left.
You knew the following spells:

 Your Spells              Type           Power        Failure   Level  Hunger
a - Corona                Hex            ######.      1%          1    None
b - Sure Blade            Hex/Chrm       ####......   1%          2    #......
c - Confuse               Hex            ######..     1%          3    ###....
d - Ensorcelled Hibernat  Hex/Ice        #####.       1%          2    #......
e - Enslavement           Hex            ######..     1%          4    ####...
q - Blink                 Tloc           N/A          9%          2    #......
s - Dazzling Spray        Conj/Hex       ####....     1%          3    ###....


Dungeon Overview and Level Annotations

Branches:
Dungeon (11/15)            Temple (0/1) D:6             Orc (0/4) D:10
   Lair (0/8) D:9

Altars:
Ashenzari
Cheibriados
Dithmenos
Gozag
Makhleb
Nemelex Xobeh
Okawaru
Sif Muna
Yredelemnul
The Shining One

Shops:
D:3 *   D:9 *   D:10 %


Innate Abilities, Weirdness & Mutations

You do not heal naturally.
You can bottle blood from corpses.
You have razor-sharp teeth.*
You have supernaturally acute eyesight.
You can survive without breathing.*
You have a pair of small horns on your head.*


Message History

Okay, then.
Casting: Confuse
Confirm with . or Enter, or press ? or * to list all spells.
You blink.
You are engulfed in roaring flames.
You are engulfed in roaring flames.
* * * LOW HITPOINT WARNING * * *
Partly explored, can't reach some places.
(D) Dungeon (T) Temple (O) Orcish Mines (L) Lair
Where to? (Enter - D:10, ? - help)
You see here an uncursed ring of positive energy.
There is a stone staircase leading down here.
You climb downwards.
A crocodile, a troll and a hill giant come into view.
There is a stone staircase leading up here.
Drink which item? (? for menu, Esc to quit)
Okay, then.
The troll shouts!
The hill giant shouts!
The troll bites you!
You die...
Your body crumbles into a pile of gold.

..# #.#
#######.###
..#........##
......t...#.)
...........#
>...C......#
............#
.......T@..<#
............#
..........##
...#.....##
## ####.##
#.# ..# ..##
.


You could see a hill giant, a troll and a crocodile.

Vanquished Creatures
  A death yak (D:9)
  A hill giant (D:10)
  The ghost of BluebellGnoll the Magician, an experienced OpVM (D:5)
  A troll (D:10)
  A human (D:7)
  A wraith (D:10)
  9 yaks
  2 hippogriffs (D:10)
  A black bear (D:8)
  2 sky beasts (D:9)
  5 phantoms
  A necrophage (D:5)
  7 ogres
  An orc warrior (D:10)
  A yellow wasp (D:4)
  Sigmund (D:5)
  3 centaurs
  A big kobold (D:8)
  6 giant frogs
  A gnoll sergeant (D:9)
  2 scorpions
  16 wights
  4 killer bees (D:7)
  A yak skeleton (D:10)
  2 goliath beetles
  2 crimson imps
  A quasit (D:8)
  An elf zombie (D:9)
  4 iguanas
  A centaur skeleton (D:6)
  A jelly (D:9)
  2 orc wizards (D:3)
  4 hounds
  3 sheep (D:7)
  10 worker ants
  An ogre skeleton (D:4)
  A big kobold zombie (D:9)
  A hound skeleton (D:8)
  9 adders
  3 gnolls (D:9)
  6 shadow imps
  2 worms
  A giant mite (D:4)
  17 orcs
  2 ball pythons
  A bat skeleton (D:5)
  A bat zombie (D:7)
  5 giant cockroaches
  17 goblins
  15 hobgoblins
  15 jackals
  11 kobolds
  2 quokkas
  9 bats
  A giant cockroach zombie (D:5)
  5 giant geckos
  7 giant newts
  A gnoll skeleton (D:4)
  17 rats
  A ballistomycete (D:10)
  A plant (D:1)
253 creatures vanquished.

Vanquished Creatures (collateral kills)
  A wight (D:8)
  An adder (D:8)
2 creatures vanquished.

Vanquished Creatures (others)
  A giant spore (D:10)
1 creature vanquished.

Grand Total: 256 creatures vanquished

Notes
Turn   | Place    | Note
--------------------------------------------------------------
     0 | D:1      | PolkaDot, the Vampire Enchanter, began the quest for the Orb.
     0 | D:1      | Reached XP level 1. HP: 13/13 MP: 3/3
   204 | D:1      | Reached XP level 2. HP: 17/19 MP: 4/4
   215 | D:1      | Learned a level 2 spell: Ensorcelled Hibernation
   804 | D:1      | Reached XP level 3. HP: 24/24 MP: 0/6
  2004 | D:2      | Found a basalt altar of Yredelemnul.
  2211 | D:2      | Reached skill level 5 in Hexes
  2306 | D:2      | Reached skill level 1 in Ice Magic
  2306 | D:2      | Reached XP level 4. HP: 17/30 MP: 0/7
  2373 | D:2      | Learned a level 3 spell: Confuse
  2467 | D:2      | Found a snail-covered altar of Cheibriados.
  2467 | D:2      | Found a burning altar of Makhleb.
  2815 | D:3      | Reached skill level 5 in Stealth
  2818 | D:3      | HP: 1/30 [orc wizard/puff of flame (11)]
  2822 | D:3      | Reached XP level 5. HP: 29/35 MP: 0/9
  2824 | D:3      | Reached skill level 6 in Hexes
  2911 | D:3      | Found Gozag's Nutrition Petition.
  2912 | D:3      | Found an opulent altar of Gozag.
  2929 | D:3      | Became a worshipper of Gozag Ym Sagoz the Greedy
  3551 | D:4      | Noticed an ogre
  3710 | D:4      | Found a sparkling altar of Nemelex Xobeh.
  3742 | D:4      | Killed an ogre
  3742 | D:4      | Reached skill level 7 in Hexes
  3742 | D:4      | Reached XP level 6. HP: 41/41 MP: 3/11
  3813 | D:4      | Noticed a phantom
  3855 | D:4      | Noticed a yellow wasp
  3862 | D:4      | Killed a yellow wasp
  3949 | D:4      | Killed a phantom
  3949 | D:4      | Reached skill level 8 in Hexes
  3949 | D:4      | Reached XP level 7. HP: 12/46 MP: 6/14
  3963 | D:4      | Noticed an ogre
  3967 | D:4      | Killed an ogre
  4077 | D:4      | Learned a level 4 spell: Enslavement
  4080 | D:4      | Learned a level 2 spell: Sure Blade
  4161 | D:5      | Entered Level 5 of the Dungeon
  4344 | D:5      | Noticed Sigmund
  4347 | D:5      | Reached skill level 9 in Hexes
  4352 | D:5      | Killed Sigmund
  4811 | D:5      | Noticed BluebellGnoll's ghost (experienced OpVM)
  4853 | D:5      | Killed BluebellGnoll's ghost
  4853 | D:5      | Reached skill level 10 in Hexes
  4853 | D:5      | Reached XP level 8. HP: 47/52 MP: 16/18
  5041 | D:5      | Learned a level 3 spell: Dazzling Spray
  5327 | D:6      | Found a staircase to the Ecumenical Temple.
  5341 | D:6      | Reached skill level 11 in Hexes
  5517 | D:6      | Found a shadowy altar of Dithmenos.
  5530 | D:6      | Found a deep blue altar of Sif Muna.
  5893 | D:7      | Reached skill level 12 in Hexes
  5893 | D:7      | Reached XP level 9. HP: 57/57 MP: 17/20
  5946 | D:7      | Reached skill level 5 in Short Blades
  5946 | D:7      | Reached skill level 10 in Stealth
  6442 | D:8      | Reached skill level 13 in Hexes
  6547 | D:8      | Found an iron altar of Okawaru.
  7218 | D:8      | Reached skill level 14 in Hexes
  7602 | D:9      | Reached XP level 10. HP: 54/63 MP: 13/21
  7790 | D:9      | Noticed a death yak
  7891 | D:9      | Found a staircase to the Lair.
  7931 | D:9      | Killed a death yak
  8075 | D:9      | Found Skumih's Assorted Antiques.
  8139 | D:9      | Reached skill level 15 in Hexes
  8282 | D:9      | Bought a scroll of identify for 48 gold pieces
  8282 | D:9      | Bought a scroll of identify for 48 gold pieces
  8282 | D:9      | Bought a silvery potion for 21 gold pieces
  8282 | D:9      | Bought a sedimented cyan potion for 21 gold pieces
  8282 | D:9      | Bought a small ruby ring for 120 gold pieces
  8282 | D:9      | Bought a bubbling inky potion for 21 gold pieces
  8384 | D:9      | Found a shattered altar of Ashenzari.
  8541 | D:9      | Learned a level 2 spell: Blink
  8627 | D:10     | Entered Level 10 of the Dungeon
  8627 | D:10     | Found Afiatsad's Food Boutique.
  8999 | D:10     | Found a staircase to the Orcish Mines.
  9168 | D:10     | Gained mutation: You have a pair of small horns on your head. [potion of beneficial mutation]
  9260 | D:10     | Noticed a hill giant
  9271 | D:10     | Killed a hill giant
  9318 | D:10     | Reached XP level 11. HP: 37/68 MP: 18/22
  9386 | D:10     | Found a glowing golden altar of the Shining One.
  9726 | D:11     | Noticed a hill giant
  9729 | D:11     | Slain by a troll

Action                   |  1- 3 |  4- 6 |  7- 9 | 10-12 || total
-------------------------+-------+-------+-------+-------++-------
Melee: Dagger            |   246 |    82 |   214 |   136 ||   678
 Cast: Ensorcelled Hiber |    26 |    33 |    72 |    27 ||   158
       Corona            |     3 |       |     1 |     1 ||     5
       Confuse           |       |     4 |    18 |    19 ||    41
       Enslavement       |       |       |     6 |     7 ||    13
       Dazzling Spray    |       |       |       |     6 ||     6
       Blink             |       |       |       |     1 ||     1
 Abil: End Transformatio |       |       |     1 |       ||     1
       Bat Form          |       |       |     1 |       ||     1
Evoke: Wand              |       |       |     6 |       ||     6
  Use: Potion            |       |     2 |     2 |     1 ||     5
       Scroll            |       |     4 |    14 |     6 ||    24
 Stab: Sleeping          |    24 |    35 |    79 |    30 ||   168
       Confused          |       |     2 |    17 |    11 ||    30
       Distracted        |       |     1 |     1 |     2 ||     4
       Invisible         |       |       |     4 |     8 ||    12
       Betrayed ally     |       |       |     1 |     1 ||     2
